Map: Kairos Junction LE

Players

Woah - Winner!

  • Race: Terran Terran
  • Spawn Location: 5:00

Leonidis

  • Race: Terran Terran
  • League: Diamond
  • Spawn Location: 11:00

VOD

Have the link to the VOD?

Description

Time

  • Played on: June 12, 2019, 4:24 a.m.
  • Length: 12:49
Show
View Real Time Build Order
Export as new Build Order

Woah Terran - Winner!

Build Orders:  

Get SALT Encoding   

  12  0:00  SCV  
  13  0:13  SCV  
  14  0:17  Supply Depot  
  14  0:25  SCV  
  15  0:28  Refinery  
  15  0:38  SCV  
  16  0:46  Barracks  
  16  0:54  SCV  
  17  1:06  SCV  
  17  1:07  Refinery  
  18  1:18  SCV  
  19  1:32  Orbital Command  
  19  1:33  Reaper  
  20  1:41  Factory  
  20  2:00  SCV, Supply Depot  
  21  2:05  Reaper  
  22  2:12  SCV  
  23  2:24  SCV  
  23  2:28  Command Center  
  24  2:52  SCV, Barracks Reactor  
  24  2:54  Hellion  
  27  3:04  SCV  
  27  3:05  Starport  
  28  3:16  SCV  
  29  3:39  SCV  
  30  3:43  Starport Tech Lab  
  30  3:51  SCV, Factory Tech Lab  
  30  3:53  Marine x2  
  30  3:54  Orbital Command  
  33  3:58  Engineering Bay  
  33  3:59  Supply Depot  
  33  4:01  Barracks  
  33  4:03  SCV  
  34  4:10  Cyclone  
  34  4:11  Marine  
  34  4:15  SCV  
  39  4:21  Orbital Command  
  39  4:24  Terran Infantry Weapons Level 1  
  39  4:26  Cloaking Field  
  39  4:27  SCV  
  40  4:33  Raven  
  42  4:41  SCV  
  42  4:42  Supply Depot  
  43  4:50  SCV  
  44  4:53  SCV  
  44  5:02  SCV  
  44  5:07  Barracks Tech Lab  
  45  5:16  Command Center  
  45  5:19  SCV  
  46  5:31  SCV  
  46  5:33  Marine x2  
  46  5:34  Siege Tank  
  52  5:38  Banshee  
  55  5:44  Stimpack, Marine  
  52  5:51  Marine  
  52  5:55  Marine  
  52  5:57  SCV x2  
  56  6:03  Barracks  
  56  6:04  Barracks  
  56  6:09  Armory, SCV  
  57  6:18  Terran Infantry Armor Level 1  
  57  6:33  SCV  
  57  6:34  SCV, Factory  
  57  6:37  Barracks Reactor  
  57  6:39  Orbital Command  
  59  6:40  Supply Depot  
  59  6:45  SCV  
  59  6:46  SCV, Missile Turret  
  61  6:48  Missile Turret  
  61  6:57  SCV  
  61  6:58  SCV  
  51  7:14  SCV  
  52  7:16  Missile Turret, Marine x5  
  52  7:17  Missile Turret  
  50  7:34  Marine x5  
  54  7:40  Orbital Command  
  54  7:46  Siege Tank  
  54  7:47  Siege Tank  
  60  7:51  Marine  
  60  7:52  Marine x3  
  60  7:53  Marauder  
  66  7:58  Refinery  
  66  7:59  SCV, Refinery  
  67  8:12  Viking  
  69  8:19  Viking  
  71  8:21  Marine x3  
  71  8:24  Combat Shield  
  74  8:28  SCV x2  
  74  8:33  SCV  
  77  8:35  Refinery  
  77  8:36  Refinery  
  77  8:47  SCV x2  
  77  8:48  Viking  
  81  8:49  Viking  
  81  8:53  SCV  
  84  8:56  Supply Depot x2  
  84  8:57  Supply Depot  
  84  8:58  Supply Depot  
  84  8:59  SCV  
  84  9:00  Engineering Bay  
  84  9:01  Terran Infantry Weapons Level 2  
  85  9:17  SCV  
  85  9:19  Sensor Tower  
  85  9:22  Viking  
  88  9:24  Viking  
  88  9:28  SCV x2  
  88  9:29  SCV, Marine  
  88  9:30  Marine x4  
  88  9:31  Command Center  
  98  9:35  Barracks  
  98  9:39  Barracks  
  98  9:40  SCV  
  98  9:41  SCV  
  98  9:44  Missile Turret  
  100  9:45  Missile Turret  
  100  9:47  Marine x2  
  87  10:10  SCV x3  
  90  10:14  Barracks Tech Lab  
  90  10:20  Terran Infantry Armor Level 2  
  90  10:22  SCV x3  
  90  10:27  Barracks Reactor  
  93  10:34  SCV x3  
  93  10:35  Siege Tank x2  
  102  10:37  Barracks Reactor, Marine x2  
  102  10:38  Barracks Reactor  
  104  10:46  SCV x2  
  106  11:15  Marine x3  
  106  11:16  Marine x7  
  113  11:33  Marine  
  90  11:55  Marine x3  
  90  11:58  Marine x4  
  90  11:59  Marine x3  
  100  12:03  SCV  
  100  12:04  Command Center  
  101  12:13  Marine x3  
  101  12:14  SCV  
  101  12:16  Marine x4  
  101  12:17  Marine x3  
  101  12:22  Missile Turret x4  
  108  12:23  SCV, Missile Turret x2  
  108  12:24  SCV  
  108  12:26  SCV  
  111  12:31  Marine x2  
Show
View Real Time Build Order
Export as new Build Order

Leonidis Terran 

Build Orders:  

Get SALT Encoding   

  12  0:02  SCV  
  13  0:14  SCV  
  13  0:17  Supply Depot  
  14  0:26  SCV  
  15  0:30  Refinery  
  15  0:41  Barracks  
  15  0:45  SCV  
  16  0:57  SCV  
  17  1:09  SCV  
  18  1:18  Refinery  
  18  1:21  SCV  
  19  1:28  Reaper  
  20  1:35  Orbital Command  
  20  1:51  Factory  
  20  2:01  SCV  
  21  2:09  Reaper  
  22  2:19  Command Center  
  22  2:48  Barracks Reactor  
  22  2:50  Factory Reactor  
  21  3:00  SCV, Bunker  
  22  3:12  SCV  
  23  3:24  SCV  
  21  3:34  Marine x2  
  21  3:36  Hellion  
  21  3:38  Hellion  
  25  4:04  Reaper x2  
  25  4:06  Hellion x2  
  31  4:16  SCV  
  32  4:25  Orbital Command  
  32  4:28  SCV  
  33  4:41  SCV  
  34  4:53  SCV  
  34  4:54  Factory Tech Lab  
  34  4:55  Starport  
  35  5:05  Reaper x2  
  35  5:07  SCV  
  38  5:12  Supply Depot  
  38  5:27  Supply Depot  
  38  5:32  Liberator x2  
  38  5:34  SCV x2, Siege Tank  
  43  5:46  SCV x2  
  48  5:58  SCV x2  
  48  6:01  Barracks  
  50  6:10  SCV x2  
  52  6:15  Refinery  
  52  6:16  Refinery  
  52  6:22  SCV x2  
  54  6:31  Supply Depot  
  54  6:41  Supply Depot  
  54  6:45  Supply Depot  
  54  6:50  Barracks  
  54  6:51  SCV x2, Engineering Bay  
  54  6:52  Siege Tank  
  50  7:03  SCV  
  38  7:38  SCV  
  38  7:39  SCV  
  38  7:42  Barracks Reactor, Barracks Tech Lab  
  40  7:47  Command Center, Siege Tank  
  40  7:50  SCV, Marine  
  40  7:51  SCV, Marine  
  47  7:57  Missile Turret  
  47  7:58  Medivac  
  49  8:00  Medivac  
  49  8:03  SCV x2  
  53  8:08  Marine x2  
  53  8:09  Missile Turret  
  53  8:11  Missile Turret  
  55  8:15  SCV x2  
  55  8:16  Missile Turret  
  60  8:21  Cyclone  
  60  8:26  Marine  
  61  8:28  SCV  
  61  8:29  SCV  
  61  8:31  Marine  
  61  8:32  Marine x3  
  67  8:37  Stimpack  
  67  8:44  Marine  
  67  8:45  Supply Depot  
  67  8:47  Terran Infantry Weapons Level 1  
  68  8:49  Marine x4  
  72  9:02  Marine  
  73  9:07  Marine x4  
  77  9:13  Barracks  
  77  9:19  Marine  
  77  9:22  Planetary Fortress  
  77  9:23  SCV x2  
  80  9:24  Marine  
  80  9:31  Missile Turret, Marine  
  81  9:32  Marine x2  
  81  9:35  SCV  
  81  9:37  Marine  
  86  9:38  Missile Turret  
  86  9:41  Missile Turret  
  86  9:48  Siege Tank  
  86  9:50  Factory  
  69  10:09  Marine  
  69  10:10  Marine x4  
  73  10:18  Refinery  
  73  10:20  Siege Tank, Refinery  
  73  10:21  SCV  
  77  10:24  SCV  
  77  10:25  SCV  
  77  10:27  Marine  
  77  10:28  Marine x4  
  83  10:29  Barracks Reactor  
  83  10:33  SCV  
  85  10:37  Combat Shield  
  85  10:43  SCV  
  85  10:44  SCV  
  85  10:45  Marine  
  85  10:46  Missile Turret x2, Marine x3  
  91  10:52  Marine  
  92  11:03  Marine x4  
  96  11:10  Marine  
  95  11:11  Marine x2  
  67  11:48  Marine x7  
  67  11:51  Factory Tech Lab  
  67  11:52  Siege Tank  
  74  12:05  Marine  
  74  12:06  Marine x4  
  72  12:25  Marine  
  72  12:26  Marine x6  
Tags
 
League
Diamond
Matchup
TvT
Race
Terran
Replay Pack
r1
Spawn Locations
Cross Positions
Add a new tag
Caveats
  • Supply blocks, unpowered buildings, or Contaminate may cause inaccurate times.
  • Supply counts are checked every 10 seconds.